 Dungeon Crawl Stone Soup version 0.27.1 (webtiles) character file.

Game seed: 565874290330846219

25251 DoubleLucky the Fighter (level 12, -12/118 HPs)
             Began as a Minotaur Berserker on Sept 2, 2021.
             Was a High Priest of Trog.
             Mangled by an orc knight (23 damage)
             ... on level 2 of the Orcish Mines.
             The game lasted 01:43:36 (19964 turns).

DoubleLucky the Fighter (Minotaur Berserker)       Turns: 19964, Time: 01:43:37

Health: -12/118    AC: 20    Str: 26    XL:     12   Next: 87%
Magic:  11/11      EV:  8    Int:  4    God:    Trog [*****.]
Gold:   2526       SH:  0    Dex: 11    Spells: 11/11 levels left

rFire    . . .     SeeInvis +   S - +4 battleaxe
rCold    . . .     Faith    .   (shield currently unavailable)
rNeg     . . .     Spirit   .   m - +3 plate armour
rPois    .         Reflect  .   L - +1 hat {Will+}
rElec    .         Harm     .   (no cloak)
rCorr    .         Rampage  .   O - +0 pair of gloves
Will     ++++.                  (no boots)
Stlth    ..........             e - amulet of the acrobat
HPRegen  1.29/turn              B - ring of see invisible
MPRegen  0.12/turn              T - ring of willpower

@: mighty, about to teleport, strong-willed, regenerating
A: horns 2, retaliatory headbutt
a: Renounce Religion, Berserk, Trog's Hand, Brothers in Arms


You were on level 2 of the Orcish Mines.
You worshipped Trog.
Trog was extremely pleased with you.
You visited 2 branches of the dungeon, and saw 13 of its levels.
You also visited: Sewer and Bailey.

You collected 3280 gold pieces.
You spent 754 gold pieces at shops.

Inventory:

Hand Weapons
 d - a +2 short sword of freezing
 l - a +1 vorpal scythe
 o - a +0 whip of electrocution
 M - a +5 hand axe of freezing
 P - the +7 rapier of Extremism {speed, Drain rF++ rC+ Dex+4}
   (You took it off a centaur on level 8 of the Dungeon)

   Attacks with this weapon are significantly faster.
   Dex:       It affects your dexterity (+4).
   rF:        It greatly protects you from fire.
   rC:        It protects you from cold.
   Drain:     It drains your maximum health when unequipped.
 S - a +4 battleaxe (weapon)
Missiles
 n - 326 stones
 u - 30 poisoned darts (quivered)
 y - 48 boomerangs
 z - 4 curare-tipped darts
 E - 2 throwing nets
Armour
 m - a +3 plate armour (worn)
 w - a +2 leather armour of fire resistance
 L - a +1 hat of willpower (worn)
 O - a +0 pair of gloves (worn)
Jewellery
 e - an amulet of the acrobat (around neck)
 q - a ring of poison resistance
 t - a ring of ice
 B - a ring of see invisible (left hand)
 T - a ring of willpower (right hand)
Wands
 a - a wand of flame (22)
 x - a wand of iceblast (8)
Scrolls
 g - 3 scrolls of magic mapping
 j - 3 scrolls of enchant weapon
 k - 2 scrolls of immolation {unknown}
 s - 2 scrolls of vulnerability {unknown}
 v - 2 scrolls of noise {unknown}
 C - 4 scrolls of teleportation
 F - 3 scrolls of enchant armour {unknown}
 K - a scroll of fear {unknown}
 N - a scroll of fog {unknown}
 Q - a scroll of silence {unknown}
 R - 3 scrolls of amnesia {unknown}
Potions
 b - 2 potions of cancellation {unknown}
 c - 2 potions of lignification
 f - 4 potions of might
 h - a potion of haste
 i - a potion of heal wounds
 p - 4 potions of magic
 r - 5 potions of curing
 I - 4 potions of flight {unknown}


   Skills:
 + Level 14.9 Fighting
 + Level 11.0(12.7) Axes
 - Level 10.9(12.7) Polearms
 - Level 12.0 Armour
 - Level 2.1 Dodging
 + Level 7.1 Evocations


You had 11 spell levels left.
You didn't know any spells.
Your spell library was empty.

Dungeon Overview and Level Annotations

Branches:
Dungeon (11/15)            Temple (0/1) D:6            Lair (0/6) D:11
    Orc (2/2) D:11            Elf (0/3) Orc:2         Sewer (visited)
 Bailey (visited)

Altars:
Ashenzari
Elyvilon
Fedhas
Gozag
Hepliaklqana
Makhleb
Nemelex Xobeh
Sif Muna
Trog
Xom
Yredelemnul
Zin
The Shining One

Shops:
D:10 (   Orc:1 **   Orc:2 !*

Annotations:
D:3 exclusion: downstairs
D:5 5 exclusions


Innate Abilities, Weirdness & Mutations

You have a pair of horns on your head.
You reflexively headbutt those who attack you in melee.


Message History

You closely miss the orc knight. Your headbutt misses the orc knight.
The orc knight is heavily wounded.
The orc knight hits you with a +2 battleaxe!!
You slash the orc knight! Your headbutt misses the orc knight.
The orc knight is severely wounded.
The orc knight hits you with a +2 battleaxe!
Press: ? - help, v - describe, . - travel
Here: a chaos spawn (summoned)
The floor.
You feel very mighty all of a sudden.
The orc knight hits you but does no damage.
You closely miss the orc knight.
The orc knight is severely wounded.
A chaos spawn comes into view.
The orc high priest utters an invocation to Beogh.
The orc knight hits you with a +2 battleaxe!!
* * * LOW HITPOINT WARNING * * *
The chaos spawn's human head shouts!
Okay, then.
Your skin crawls.
You feel strong-willed.
You hear a shout!
The orc knight hits you with a +2 battleaxe!
* * * LOW HITPOINT WARNING * * *
You hear a shout! x5
You feel much better.
The orc knight hits you with a +2 battleaxe!!
* * * LOW HITPOINT WARNING * * *
You fail to use your ability.
The orc knight hits you with a +2 battleaxe!
* * * LOW HITPOINT WARNING * * *
As you read the scroll of teleportation, it crumbles to dust.
You feel strangely unstable.
The hellwing swoops through the air toward you!
The hellwing barely misses you. You furiously retaliate!
You headbutt the hellwing, but do no damage.
The hellwing hits you.
* * * LOW HITPOINT WARNING * * *
The orc knight hits you with a +2 battleaxe!!
You die...

#.....#..............)...
.##..#...#..............##.
.................))).....##
........)))................
...##..)#............#....
##..###................
##))#####............#..
##))###4###...........##.
##))###..@###.........####
##.)###.#)#o###.......## ..
##..###...#.4o###.....#. ..
##.)###...###...# #. ..
##.)###...## #...# #.
##..))....## #(4.# #.
##.).)#...## #(..# ##
##...#....## #(#. #
#∩.#.))..## .o #


You could see an orc knight, an orc high priest (strong), a hellwing (summoned)
and 2 chaos spawn.

Vanquished Creatures
  Gastronok (D:8)
  The ghost of arbitraryname the Demolition Demonspawn, a journeyman DsGl of Makhleb (Orc:1)
  A hydra (D:11)
  Fannar (D:11)
  A boulder beetle (D:9)
  4 two-headed ogres
  Erica (Orc:1)
  A soul eater (Orc:2)
  Sonja (D:11)
  Nergalle (D:10)
  An obsidian statue (Orc:1)
  3 orc knights (Orc:2)
  3 orc sorcerers (Orc:2)
  An ugly thing (D:8)
  Maurice (Orc:1)
  A red devil (Orc:2)
  3 trolls
  Grinder (D:5)
  Sigmund (D:2)
  A vampire (D:9)
  Eustachio (D:4)
  2 steam dragons
  A wraith (D:10)
  9 yaks
  A neqoxec (Orc:2)
  4 wargs
  Duvessa (D:5)
  An acid dragon (D:10)
  2 water moccasins
  A swamp drake (D:11)
  26 orc warriors
  5 ogres
  9 centaurs
  5 kobold brigands
  Dowan (D:5)
  2 gnoll sergeants
  5 bullfrogs
  2 scorpions
  A wyvern skeleton (D:7)
  A water moccasin skeleton (D:4)
  A killer bee (D:9)
  11 wights
  5 centaur zombies
  3 howler monkeys
  A bullfrog zombie (D:5)
  3 centaur skeletons
  22 orc priests
  A bullfrog skeleton (D:7)
  A gnoll shaman (D:5)
  Ijyb (D:4)
  3 iguanas
  15 orc wizards
  3 killer bee zombies
  A howler monkey zombie (D:8)
  13 gnolls
  14 adders
  5 river rats (Sewer)
  2 shadow imps
  3 white imps
  An ufetubus (D:4)
  An adder skeleton (D:4)
  A worm (D:3)
  3 dart slugs
  93 orcs
  13 endoplasms
  3 giant cockroaches
  17 goblins
  7 hobgoblins
  3 jackals (D:1)
  25 kobolds
  5 quokkas
  18 ball pythons
  3 bats (D:2)
  5 frilled lizards
  29 rats
444 creatures vanquished.

Vanquished Creatures (collateral kills)
  An orc sorcerer (Orc:1)
  A centaur zombie (D:11)
  An orc warrior (D:9)
  An orc priest (D:11)
  2 orc wizards
  3 orcs (D:11)
9 creatures vanquished.

Vanquished Creatures (others)
  A wizard (D:10)
  A quokka (D:3)
  4 fungi (D:5)
  A plant (D:11)
  9 toadstools (D:5)
16 creatures vanquished.

Grand Total: 469 creatures vanquished

Notes
Turn   | Place    | Note
-------+----------+-------------------------------------------
     0 | D:1      | DoubleLucky the Minotaur Berserker began the quest for the
                  | Orb.
     0 | D:1      | Reached XP level 1. HP: 19/19 MP: 0/0
   168 | D:1      | Reached XP level 2. HP: 27/27 MP: 1/1
   190 | D:1      | Reached skill level 4 in Fighting
   305 | D:1      | Found a faded altar of an unknown god.
   436 | D:1      | Reached XP level 3. HP: 31/33 MP: 2/2
  1021 | D:2      | Reached ** piety under Trog
  1461 | D:2      | Noticed Sigmund
  1470 | D:2      | Killed Sigmund
  1471 | D:2      | Reached skill level 5 in Fighting
  1471 | D:2      | Reached skill level 5 in Axes
  1471 | D:2      | Reached XP level 4. HP: 37/42 MP: 3/3
  1471 | D:2      | Reached XP level 5. HP: 42/48 MP: 4/4
  2001 | D:2      | Reached skill level 1 in Polearms
  2001 | D:2      | Reached XP level 6. HP: 43/56 MP: 5/5
  2501 | D:3      | Found a burning altar of Makhleb.
  2574 | D:3      | Found a white marble altar of Elyvilon.
  2595 | D:3      | Reached skill level 5 in Armour
  2744 | D:3      | Found a broken altar of Ashenzari.
  3201 | D:3      | Found a glowing silver altar of Zin.
  3201 | D:3      | Noticed an angel
  3254 | D:3      | Reached *** piety under Trog
  3506 | D:4      | Reached skill level 6 in Fighting
  3626 | D:4      | Noticed Ijyb
  3660 | D:3      | Reached XP level 7. HP: 49/64 MP: 6/6
  3742 | D:4      | Killed Ijyb
  3760 | D:4      | Noticed Eustachio
  4038 | D:4      | Killed Eustachio
  4221 | D:4      | Found a glowing golden altar of the Shining One.
  4503 | D:4      | Found a hazy altar of Hepliaklqana.
  4589 | D:5      | Entered Level 5 of the Dungeon
  4589 | D:5      | Noticed Duvessa
  4589 | D:5      | Noticed Dowan
  4596 | D:5      | Killed Duvessa
  4597 | D:5      | Reached skill level 7 in Fighting
  4718 | D:5      | Killed Dowan
  4872 | D:5      | Reached XP level 8. HP: 73/73 MP: 7/7
  4906 | D:5      | Noticed Grinder
  4917 | D:5      | Killed Grinder
  4918 | D:5      | Reached skill level 5 in Polearms
  5000 | D:5      | Found a glowing drain.
  5025 | Sewer    | Entered a sewer
  5156 | Sewer    | Reached **** piety under Trog
  5254 | Sewer    | Identified 2 scrolls of acquirement
  5254 | Sewer    | Acquired 670 gold pieces
  5349 | Sewer    | Reached skill level 8 in Fighting
  5690 | Sewer    | Acquired 1007 gold pieces
  6067 | D:5      | Noticed a slime creature
  6071 | D:5      | Noticed a slime creature
  6947 | D:6      | Reached XP level 9. HP: 75/82 MP: 8/8
  6983 | D:6      | Found a staircase to the Ecumenical Temple.
  6999 | D:6      | Reached ***** piety under Trog
  7006 | D:6      | Reached skill level 9 in Fighting
  8183 | D:7      | Reached skill level 1 in Evocations
  8842 | D:7      | Found a basalt altar of Yredelemnul.
  9486 | D:8      | Identified the +5 ring mail of the Solstice {Dex+7}
  9501 | D:8      | Noticed Gastronok
  9509 | D:8      | Killed Gastronok
  9510 | D:8      | Reached skill level 10 in Fighting
  9510 | D:8      | Reached XP level 10. HP: 94/94 MP: 9/9
  9724 | D:8      | Found a flagged portal.
  9806 | Bailey   | Entered a bailey
 10693 | D:8      | Reached skill level 11 in Fighting
 10720 | D:8      | Identified the +7 rapier of Extremism {speed, Drain rF++
                  | rC+ Dex+4}
 10882 | D:8      | Found a blossoming altar of Fedhas.
 11111 | D:9      | Reached skill level 10 in Polearms
 11119 | D:9      | Noticed a purple ugly thing
 11353 | D:8      | Killed a purple ugly thing
 11354 | D:8      | Reached skill level 5 in Evocations
 11480 | D:9      | Noticed a boulder beetle
 11500 | D:9      | Killed a boulder beetle
 11837 | D:9      | Noticed a two-headed ogre
 11842 | D:9      | Killed a two-headed ogre
 11843 | D:9      | Reached skill level 12 in Fighting
 11908 | D:9      | Reached XP level 11. HP: 104/104 MP: 10/10
 11950 | D:9      | Found a sparkling altar of Nemelex Xobeh.
 11954 | D:9      | Found a shimmering altar of Xom.
 12573 | D:10     | Entered Level 10 of the Dungeon
 12573 | D:10     | Found a bloodstained altar of Trog.
 12578 | D:10     | Noticed a wizard
 12582 | D:10     | Killed a wizard
 12638 | D:10     | Reached skill level 10 in Armour
 12725 | D:10     | Found Buyteshe's Antique Weapon Shoppe.
 12877 | D:10     | Noticed Nergalle
 12893 | D:10     | Killed Nergalle
 13124 | D:10     | Identified the +1 leather armour of the Fiddle {Dex+2}
 13194 | D:10     | Found an opulent altar of Gozag.
 13387 | D:10     | Found a shimmering blue altar of Sif Muna.
 13434 | D:11     | Found a staircase to the Lair.
 13722 | D:11     | Noticed a two-headed ogre
 13742 | D:11     | Killed a two-headed ogre
 13810 | D:11     | Noticed a two-headed ogre
 13817 | D:11     | Killed a two-headed ogre
 13957 | D:11     | Noticed Sonja
 13961 | D:11     | Killed Sonja
 13962 | D:11     | Reached skill level 13 in Fighting
 14065 | D:11     | Noticed Fannar
 14077 | D:11     | Killed Fannar
 14991 | D:11     | Noticed a two-headed ogre
 14996 | D:11     | Killed a two-headed ogre
 15177 | D:11     | Noticed an eight-headed hydra
 15436 | D:11     | Killed a nine-headed hydra
 15437 | D:11     | Reached XP level 12. HP: 23/115 MP: 11/11
 15890 | D:11     | Found a staircase to the Orcish Mines.
 16061 | Orc:1    | Entered Level 1 of the Orcish Mines
 16067 | Orc:1    | Found a runed translucent gate.
 16068 | Orc:1    | Found a runed translucent gate.
 16069 | Orc:1    | Found a runed translucent gate.
 16070 | Orc:1    | Found an opulent altar of Gozag.
 16070 | Orc:1    | Found Ritafur's Assorted Antiques.
 16149 | Orc:1    | Noticed Erica
 16163 | Orc:1    | Killed Erica
 16690 | Orc:1    | Noticed arbitraryname's ghost (journeyman DsGl)
 16733 | Orc:1    | Found Lowur's Assorted Antiques.
 16878 | Orc:1    | Killed arbitraryname's ghost
 16879 | Orc:1    | Reached skill level 14 in Fighting
 16923 | Orc:1    | Bought a scroll of teleportation for 93 gold pieces
 16923 | Orc:1    | Bought a fuming yellow potion for 27 gold pieces
 16929 | Orc:1    | Bought a scroll of identify for 66 gold pieces
 16929 | Orc:1    | Bought a scroll of identify for 66 gold pieces
 16929 | Orc:1    | Bought a scroll of teleportation for 99 gold pieces
 17101 | Orc:2    | Entered Level 2 of the Orcish Mines
 17402 | Orc:2    | Noticed Maurice
 17431 | Orc:1    | Killed Maurice
 17734 | Orc:2    | Reached skill level 10 in Axes
 18341 | Orc:2    | Found a staircase to the Elven Halls.
 19289 | Orc:2    | Found Rolo's Distillery.
 19301 | Orc:2    | Found Fafrissu's General Store.
 19691 | Orc:2    | Bought a potion of curing for 39 gold pieces
 19691 | Orc:2    | Bought a potion of heal wounds for 65 gold pieces
 19691 | Orc:2    | Bought a potion of attraction for 39 gold pieces
 19691 | Orc:2    | Bought 2 potions of lignification for 78 gold pieces
 19691 | Orc:2    | Bought a potion of haste for 130 gold pieces
 19691 | Orc:2    | Bought a potion of brilliance for 52 gold pieces
 19955 | Orc:2    | Noticed an orc high priest
 19964 | Orc:2    | Mangled by an orc knight

Illustrated notes

Levels and vault maps discovered:
D:1:      lemuel_arrival_broad_hall, layout_loops_ring,
          ebering_ecumenical_altar_sacrificial, kennysheep_doodads
D:2:      layout_basic, minmay_indecisive_spiral, uniq_sigmund
D:3:      layout_rooms, elyvilon_altar_4, bloody_makhleb,
          nicolae_ashenzari_panopticon, zin_angel
D:4:      layout_rooms, nicolae_hepliaklqana_hippocampus,
          mainiacjoe_overflow_alcove_2, uniq_eustachio, uniq_ijyb
D:5:      cheibrodos_fertilizer, layout_basic, gup_sewer_entry_glass,
          uniq_crazy_yiuf_cottage, uniq_duvessa, uniq_grinder
D:6:      layout_loops_ring, minmay_temple_entry_nine_rooms
D:7:      layout_layer_cave, lemuel_zombie_altar_yredelemnul, hex_tiny
D:8:      layout_basic, mainiacjoe_overflow_alcove_4, enter_bailey_5,
          minmay_fractal_squares_5, uniq_gastronok
D:9:      hangedman_cross_stitches, layout_layer_cave, minitemple
D:10:     layout_roguey, trog_wizard, mainiacjoe_overflow_six_doors_small,
          nicolae_gozag_cash_rules_everything_around_me, serial_shops,
          nicolae_shop_trees, uniq_nergalle
D:11:     layout_loops_ring, erik_lair_orcish_takeover, erik_orc_1, uniq_fannar,
          uniq_sonja
Orc:1:    layout_caves, ebering_ghost_gozag, nicolae_orc_lava_tube, uniq_erica
Orc:2:    pf_orc_diabolical, layout_caves, uniq_maurice

Skill      XL: |  1  2  3  4  5  6  7  8  9 10 11 12 |
---------------+-------------------------------------+-----
Axes           | 4 5 8 11 | 11.0
Fighting       | 4 5 6 7 8 10 12 13 14 | 14.9
Armour         | 3 4 5 6 8 9 11 12 | 12.0
Polearms       | 1 3 4 6 9 10 | 10.9
Evocations     | 3 5 7 |  7.1
Dodging        | |  2.1

Action                   |  1- 3 |  4- 6 |  7- 9 | 10-12 || total
-------------------------+-------+-------+-------+-------++-------
Melee: Hand axe          |    76 |       |       |       ||    76
       Headbutt          |    14 |    18 |    40 |    98 ||   170
       Scythe            |       |    86 |   364 |   117 ||   567
       Trident           |       |    30 |       |       ||    30
       Battleaxe         |       |       |       |   362 ||   362
Throw: Stone             |       |    47 |    27 |     1 ||    75
       Dart              |       |       |       |   100 ||   100
Invok: Berserk           |     2 |     2 |     6 |     9 ||    19
       Trog's Hand       |     1 |       |     4 |     6 ||    11
       Brothers in Arms  |       |       |     1 |     5 ||     6
Evoke: Wand              |       |       |       |    47 ||    47
  Use: Scroll            |       |       |     9 |     7 ||    16
       Potion            |       |       |     1 |     9 ||    10
Armor: Animal skin       |     3 |       |       |       ||     3
       Scale mail        |     7 |    65 |   168 |       ||   240
       Plate armour      |       |       |   179 |   298 ||   477
Dodge: Dodged            |    35 |    84 |   279 |   286 ||   684
